 Dungeon Crawl Stone Soup version 0.30.0-5-g1a98f26d00 (webtiles) character file.

Game seed: 2906100058247929057

138 Demosthentine the Ducker (level 5, 41/41 HPs)
             Began as a Demonspawn Gladiator on May 8, 2023.
             Got out of the dungeon alive.
             The game lasted 00:03:03 (1968 turns).

Demosthentine the Ducker (Demonspawn Gladiator)     Turns: 1968, Time: 00:03:03

Health: 41/41      AC:  4    Str: 17    XL:     5   Next: 1%
Magic:  5/5        EV: 12    Int:  9    God:
Gold:   188        SH:  0    Dex: 14    Spells: 4/4 levels left

rFire   . . .        a - +0 trident
rCold   . . .        (no shield)
rNeg    . . .        b - +0 leather armour
rPois   .            c - +0 helmet
rElec   .            (no cloak)
rCorr   .            (no gloves)
SInv    .            (no boots)
Will    .....        (no amulet)
Stlth   +            (no ring)
HPRegen 0.26/turn    (no ring)
MPRegen 0.09/turn

%: no passive effects
@: no status effects
A: claws 1, ignite blood 1, spiny 1
a: no special abilities


You escaped.
You visited 1 branch of the dungeon, and saw 3 of its levels.

You collected 188 gold pieces.

Inventory:

Hand Weapons
 a - a +0 trident (weapon)
Missiles
 e - a javelin (quivered)
 h - 10 boomerangs
Armour
 b - a +0 leather armour (worn)
 c - a +0 helmet (worn)
Jewellery
 m - a ring of positive energy
Potions
 f - a potion of cancellation
 g - a potion of berserk rage {unknown}
 i - 2 potions of curing {unknown}
 j - a potion of mutation {unknown}
 k - 3 potions of might {unknown}
 l - a potion of haste {unknown}
 p - a potion of heal wounds {unknown}
 q - a potion of attraction {unknown}


   Skills:
 + Level 3.1 Fighting
 + Level 3.4 Polearms
 - Level 1.7 Throwing
 + Level 1.8 Armour
 + Level 3.5 Dodging


You had 4 spell levels left.
You didn't know any spells.
Your spell library contained the following spells:

 Spells                   Type           Power      Damage    Failure   Level
 Vhi's Electric Charge    Tloc/Air       0%         N/A       82%         3
 Arcjolt                  Conj/Air       0%         1d10      100%        5
 Plasma Beam              Fire/Air       0%         2x1d11    100%        6


Dungeon Overview and Level Annotations

Branches:
Dungeon (3/15)

Altars:


Innate Abilities, Weirdness & Mutations

You have sharp fingernails.
Your demonic aura sometimes causes spilled blood to erupt in flames.
You are partially covered in sharp spines.


Message History

You kill the hobgoblin!
You have reached level 5!
You feel monstrous as your demonic heritage exerts itself.
Your demonic ancestry asserts itself...
Your fingernails lengthen.
A bat comes into view.
A bat is nearby!
A bat is nearby!
A bat is nearby!
The bat hits you.
You barely miss the bat. The bat is struck by your spines.
You kill the bat!
No target in view!
No target in view!
No target in view!
No target in view!
You drop a scroll labelled YSKOAP YSIASO.
Unknown command.
Unknown command.
(D) Dungeon
Where to? (Enter - D:3, ? - help)
What level of the Dungeon? (default 1, ? - help)
You see here a jackal corpse.
You see here a +0 club.
There is a stone staircase leading up here.
You climb upwards.
There is a stone staircase leading down here.
You see here a +0 halberd.
You see here a +0 flail.
There is a stone staircase leading down here.
You see here 3 stones.
There is a stone staircase leading up here.
You climb upwards.
There is a stone staircase leading down here.
There is an empty arch of ancient stone here.
There is a staircase leading out of the dungeon here.
Are you sure you want to leave the Dungeon?
This will make you lose the game! [Y]es or [N]o only, please.
Are you sure you want to leave the Dungeon?
This will make you lose the game!
You have escaped!

.....###☼........##+###........##
.....###§.##.....##.§§...........
.....+..○§...#§♣♣.♣☼§##.°.......#
.....###..#§8§♣..♣♣§§.#....#.....
.....#.#..♣§♣§♣⌠.§§♣♣...☼.......#
.....#.#..♣♣§♣⌠...§♣.♣♣§.......##
.....#.#.♣.♣§⌠..∩..⌠.♣.♣...#...#
.#'#.....♣.♣○.......⌠♣.♣.......#
)#.....#...☼..∩.@.∩..♣♣........#
.#.....#.♣♣.⌠.......⌠.♣♣.°#....#
.#.....#.♣.♣♣⌠..∩..⌠.♣..§.#..#.#
.#.........♣♣.⌠...⌠♣.♣♣........#
.......##.♣.♣.♣⌠.⌠.♣♣.☼°......>#
.......##.#§.♣♣.♣.♣.♣8#(.##.##.#
..........#...♣.♣♣...........#.##
#.........#...##....#.#...#......
......#...#...##....#........####


There were no monsters in sight!

Vanquished Creatures
  Terence (D:3)
  5 gnolls
  An adder (D:2)
  A worm (D:2)
  2 dart slugs (D:1)
  An orc (D:3)
  6 endoplasms
  A giant cockroach (D:2)
  3 goblins
  4 hobgoblins
  2 jackals (D:3)
  5 kobolds
  2 quokkas (D:2)
  2 ball pythons
  6 bats
  4 frilled lizards
  A rat (D:2)
47 creatures vanquished.

Notes
Turn   | Place    | Note
-------+----------+-------------------------------------------
     0 | D:1      | Demosthentine the Demonspawn Gladiator began the quest for
                  | the Orb.
     0 | D:1      | Reached XP level 1. HP: 16/16 MP: 1/1
    69 | D:1      | Gained mutation: You are partially covered in sharp spines.
                  | [demonic ancestry]
    69 | D:1      | Reached XP level 2. HP: 21/22 MP: 2/2
   160 | D:1      | Found a faded altar of an unknown god.
   720 | D:2      | Reached skill level 1 in Armour
   766 | D:2      | Reached XP level 3. HP: 28/28 MP: 3/3
  1112 | D:2      | Gained mutation: Your demonic aura sometimes causes spilled
                  | blood to erupt in flames. [demonic ancestry]
  1112 | D:2      | Reached XP level 4. HP: 3/34 MP: 4/4
  1700 | D:3      | Noticed Terence
  1713 | D:3      | Killed Terence
  1870 | D:3      | Discovered your monstrous ancestry.
  1870 | D:3      | Gained mutation: You have sharp fingernails. [demonic
                  | ancestry]
  1870 | D:3      | Reached XP level 5. HP: 41/41 MP: 5/5
  1968 | D:$      | Got out of the dungeon alive.

Illustrated notes

Levels and vault maps discovered:
D:1:      heliophobic_arrival_enchanted_forest, layout_basic,
          ebering_ecumenical_altar_mist
D:2:      layout_loops_ring, item_on_display_a
D:3:      lemuel_castle_with_subvaults [lemuel_castle_interior_carwin_2],
          layout_basic, uniq_terence

Skill      XL: |  1  2  3  4 |
---------------+-------------+-----
Dodging        | 3 |  3.5
Polearms       | 3 |  3.4
Armour         | 1 |  1.8
Fighting       | 3 |  3.1
Throwing       | |  1.7

Action                     |  1- 3 |  4- 6 || total
---------------------------+-------+-------++-------
  Melee: Trident           |    86 |    46 ||   132
         Punch             |     1 |       ||     1
  Throw: Throwing net      |     2 |     2 ||     4
    Use: Scroll            |     4 |     2 ||     6
   Stab: Sleeping          |     1 |     1 ||     2
         Held in net/web   |       |     1 ||     1
 Armour: Leather armour    |    14 |     8 ||    22
  Dodge: Dodged            |    45 |    23 ||    68
